 Dungeon Crawl Stone Soup version 0.21.1 (webtiles) character file.

224 Faustar the Cudgeler (level 6, -1/37 HPs)
             Began as a Gargoyle Monk on Feb 5, 2018.
             Was a Believer of the Shining One.
             Slain by an orc warrior
             ... wielding a +0 battleaxe
              (7 damage)
             ... on level 3 of the Dungeon.
             The game lasted 00:05:43 (2629 turns).

Faustar the Cudgeler (Gargoyle Monk)                Turns: 2629, Time: 00:05:43

Health: -1/37      AC: 22    Str: 17    XL:     6   Next: 0%
Magic:  3/6        EV:  1    Int: 10    God:    the Shining One [**....]
Gold:   200        SH:  6    Dex: 12    Spells: 5/5 levels left

rFire    . . .     SeeInvis .   a - +0 mace
rCold    . . .     Gourm    .   (no shield)
rNeg     + + .     Faith    .   m - +0 crystal plate armour
rPois    ∞         Spirit   .   (no helmet)
rElec    +         Reflect  .   j - +2 cloak
rCorr    .         Harm     .   w - +0 pair of gloves (curse)
MR       .....                  (no boots)
Stlth    ..........             (no amulet)
HPRegen  0.12/turn              (no ring)
MPRegen  0.10/turn              (no ring)

@: divine shield, glowing
A: negative energy resistance 1, electricity resistance, unbreathing,
petrification resistance, rot immunity, AC +4
a: Divine Shield, Renounce Religion


You were on level 3 of the Dungeon.
You worshipped the Shining One.
The Shining One was pleased with you.
You were not hungry.

You visited 1 branch of the dungeon, and saw 3 of its levels.

You collected 200 gold pieces.

Inventory:

Hand Weapons
 a - a +0 mace (weapon)
Armour
 b - a +0 robe
 e - a +0 ring mail
 j - a +2 cloak (worn)
 k - a scarf of spirit shield
 m - a +0 crystal plate armour (worn)
 v - a +0 buckler
 w - a cursed +0 pair of gloves (worn)
Jewellery
 r - a +3 amulet of reflection {unknown}
 s - a cursed ring of teleportation {unknown}
 u - an uncursed ring of magical power {unknown}
Scrolls
 d - 7 scrolls of identify {unknown}
 f - a scroll of random uselessness {unknown}
 g - a scroll of enchant weapon {unknown}
 h - 8 scrolls of amnesia {unknown}
 i - a scroll of magic mapping {unknown}
 n - a scroll of teleportation {unknown}
 x - a scroll of remove curse {unknown}
Potions
 l - 2 potions of might
 o - 2 potions of heal wounds {unknown}
 p - a potion of curing {unknown}
 q - 2 potions of brilliance {unknown}
 t - a potion of ambrosia {unknown}
 z - a potion of mutation {unknown}
Comestibles
 c - 6 rations


   Skills:
 - Level 3.2 Fighting
 + Level 6.5 Maces & Flails
 - Level 2.4 Dodging
 - Level 2.1 Stealth


You had 5 spell levels left.
You didn't know any spells.

Dungeon Overview and Level Annotations

Branches:
Dungeon (3/15)

Altars:
Kikubaaqudgha
Yredelemnul
The Shining One


Innate Abilities, Weirdness & Mutations

You are resistant to torment.
Your stone body is resilient. (AC +4)
You are immune to poison.
You resist negative energy. (rN+)
You are resistant to electric shocks. (rElec)
You can survive without breathing.
You are immune to petrification.
You are immune to rotting.


Message History

The orc warrior hits you with a battleaxe!
You hit the orc warrior but do no damage.
The orc warrior is moderately wounded.
The orc warrior hits you with a battleaxe.
The orc wizard gestures wildly while chanting.
The orc wizard seems to speed up.
Your crystal plate armour prevents you from hitting the orc warrior.
The orc warrior is lightly wounded.
The orc warrior hits you with a battleaxe.
* * * LOW HITPOINT WARNING * * *
You sock the orc warrior!
The orc warrior is heavily wounded.
You sock the orc warrior!
The orc warrior is severely wounded.
The orc warrior hits you with a battleaxe.
* * * LOW HITPOINT WARNING * * *
You hit the orc warrior but do no damage.
The orc warrior is severely wounded.
The orc warrior hits you with a battleaxe!
You die...

#########.........
#.................
#.###############.
#.# #♣ #.# ##♣≈
#.# #≈≈≈ #.# ♣P≈≈
#.# ♣P≈≈ #@# #♣≈PP
#o# #≈≈≈P #o#
#P≈P≈ #.# ##P≈≈
#o# #≈≈≈ #.# ##≈≈P
#.# #≈≈≈≈ #.≈
♣♣≈≈≈ #.≈≈ ♣≈P≈


You could see an orc warrior, an orc wizard and an orc.

Vanquished Creatures
  2 hound zombies (D:2)
  Robin (D:3)
  5 adders
  An ooze (D:1)
  2 adder skeletons (D:2)
  An adder zombie (D:2)
  A worm (D:2)
  A dart slug (D:1)
  8 leopard geckos
  6 orcs
  A bat skeleton (D:2)
  3 giant cockroaches
  12 goblins
  10 hobgoblins
  13 jackals
  8 kobolds
  2 quokkas (D:2)
  9 bats
  4 frilled lizards
  A giant cockroach zombie (D:2)
  2 gnoll zombies (D:2)
  A leopard gecko skeleton (D:2)
  A quokka zombie (D:2)
  7 rats
102 creatures vanquished.

Notes
Turn   | Place    | Note
-------+----------+-------------------------------------------
     0 | D:1      | Faustar the Gargoyle Monk began the quest for the Orb.
     0 | D:1      | Reached XP level 1. HP: 14/14 MP: 1/1
   236 | D:1      | Reached XP level 2. HP: 19/19 MP: 2/2
   555 | D:1      | Reached skill level 4 in Maces & Flails
   585 | D:1      | Reached XP level 3. HP: 15/23 MP: 3/3
  1374 | D:2      | Reached XP level 4. HP: 24/28 MP: 4/4
  1467 | D:2      | Found an ancient bone altar of Kikubaaqudgha.
  1493 | D:2      | Found a glowing golden altar of the Shining One.
  1535 | D:2      | Became a worshipper of the Shining One
  1535 | D:2      | Reached * piety under the Shining One
  1535 | D:2      | Reached ** piety under the Shining One
  1562 | D:2      | Reached skill level 5 in Maces & Flails
  1653 | D:2      | Found a glowing golden altar of the Shining One.
  1665 | D:2      | Reached XP level 5. HP: 32/32 MP: 5/5
  1773 | D:2      | Found a basalt altar of Yredelemnul.
  2113 | D:3      | Reached skill level 6 in Maces & Flails
  2121 | D:3      | Noticed Robin
  2144 | D:3      | Killed Robin
  2494 | D:3      | Reached XP level 6. HP: 37/37 MP: 6/6
  2611 | D:3      | Noticed an orc warrior
  2629 | D:3      | Slain by an orc warrior

Skill      XL: |  1  2  3  4  5 |
---------------+----------------+-----
Maces & Flails | 4 5 6 |  6.5
Fighting       | |  3.2
Dodging        | |  2.4
Stealth        | |  2.1

Action                   |  1- 3 |  4- 6 || total
-------------------------+-------+-------++-------
Melee: Mace              |   131 |   223 ||   354
Invok: Divine Shield     |       |     2 ||     2
 Stab: Sleeping          |     3 |       ||     3
  Eat: Chunk             |     1 |     5 ||     6
Armor: Robe              |     4 |       ||     4
       Ring mail         |    80 |    17 ||    97
       Crystal plate arm |       |   246 ||   246
Dodge: Dodged            |   131 |    26 ||   157
Block: Other             |       |     6 ||     6
